 Dungeon Crawl Stone Soup version 0.31-a0-164-g2312942fda (webtiles) character file.

Game seed: 12977404328115912632

13899 olmar the Thaumaturge (level 12, -4/94 HPs)
             Began as a Gnoll Warper on June 14, 2023.
             Was an Initiate of Gozag.
             Hit by a large rock thrown by a cyclops (48 damage)
             ... on level 12 of the Dungeon.
             The game lasted 00:26:09 (12532 turns).

olmar the Thaumaturge (Gnoll Warper)               Turns: 12532, Time: 00:26:11

Health: -4/94      AC:  7    Str: 11    XL:     12   Next: 10%
Magic:  10/24      EV: 15    Int: 32    God:    Gozag
Gold:   641        SH:  0    Dex: 11    Spells: 8/28 levels left

rFire   x x .        s - +5 falchion (holy)
rCold   + . .        (no shield)
rNeg    . . .        I - +0 robe of Stoicism {rF- Int+8 Slay+2}
rPois   .            (no helmet)
rElec   .            g - +1 cloak
rCorr   .            b - +0 pair of gloves
SInv    .            m - +0 pair of boots
Will    .....        L - amulet of the acrobat
Stlth   +++          v - ring of ice
HPRegen 0.35/turn    J - +6 ring of intelligence
MPRegen 0.19/turn

%: acrobat
@: no status effects
A: fangs 1, strong nose, distributed training
a: Renounce Religion, Potion Petition, Call Merchant, Bribe Branch


You were on level 12 of the Dungeon.
You worshipped Gozag.
Gozag was pleased with you.
You visited 2 branches of the dungeon, and saw 12 of its levels.
You also visited: Sewer and Bailey.

You collected 1572 gold pieces.
You spent 90 gold pieces at shops.
You paid 841 gold pieces to Gozag.

Inventory:

Hand Weapons
 q - a +0 short sword of flaming
 s - a +5 falchion of holy wrath (weapon)
 H - the +3 trident "Hulubap" {drain, Int+3}
   (You found it on level 7 of the Dungeon)

   Int:       It affects your intelligence (+3).
 O - a +2 vampiric glaive
Missiles
 d - 7 boomerangs of dispersal
 i - a throwing net
 n - 6 atropa-tipped darts
 p - 5 datura-tipped darts
 w - 3 curare-tipped darts
 y - 48 poisoned darts (quivered)
 E - a boomerang
Armour
 b - a +0 pair of gloves (worn)
 c - a +0 troll leather armour {Pargi}
 g - a +1 cloak (worn)
 m - a +0 pair of boots (worn)
 o - a +0 robe of positive energy
 r - a +1 leather armour of fire resistance
 I - the +0 robe of Stoicism (worn) {rF- Int+8 Slay+2}
   (You found it on level 8 of the Dungeon)

   Int:       It affects your intelligence (+8).
   Slay:      It affects your accuracy & damage with ranged weapons and melee
   (+2).
   rF:        It makes you vulnerable to fire.
 N - a +3 chain mail of fire resistance
 P - a +2 ring mail of fire resistance
Magical Staves
 f - a staff of conjuration
 B - a staff of earth
Jewellery
 h - a ring of protection from cold
 v - a ring of ice (left hand)
 J - a +6 ring of intelligence (right hand)
 K - a ring of poison resistance
 L - an amulet of the acrobat (around neck)
Wands
 a - a wand of charming (2)
 u - a wand of iceblast (7)
Scrolls
 j - 2 scrolls of fear
 A - 2 scrolls of brand weapon
 D - 2 scrolls of blinking
 F - a scroll of butterflies
 G - 2 scrolls of poison
 M - a scroll of enchant weapon
 Q - a scroll of teleportation
Potions
 e - 3 potions of haste
 k - a potion of mutation
 l - 3 potions of attraction
 t - 3 potions of curing
 x - 4 potions of brilliance
 z - a potion of enlightenment
 C - a potion of heal wounds
 R - 2 potions of ambrosia {unknown}


   Skills:
 + Level 8.6 Fighting
 + Level 7.2 Short Blades
 + Level 7.2 Long Blades
 + Level 7.2 Axes
 + Level 8.6 Maces & Flails
 + Level 7.2 Polearms
 + Level 7.2 Staves
 + Level 7.2 Ranged Weapons
 + Level 7.7 Throwing
 + Level 7.7 Armour
 + Level 8.6 Dodging
 + Level 7.2 Stealth
 + Level 7.2 Shields
 + Level 7.2 Unarmed Combat
 + Level 8.9 Spellcasting
 + Level 6.0 Conjurations
 + Level 6.0 Hexes
 + Level 6.0 Summonings
 + Level 6.0 Necromancy
 + Level 8.2 Translocations
 + Level 6.0 Transmutations
 + Level 6.0 Fire Magic
 + Level 6.0 Ice Magic
 + Level 6.0 Air Magic
 + Level 6.0 Earth Magic
 + Level 6.0 Poison Magic
 + Level 7.9 Invocations
 + Level 7.2 Evocations


You had 8 spell levels left.
You knew the following spells:

 Your Spells              Type           Power      Damage    Failure   Level
a - Blink                 Tloc           100%       N/A       1%          2
b - Vhi's Electric Charg  Tloc/Air       100%       N/A       1%          3
c - Manifold Assault      Tloc           61%        N/A       1%          4
d - Vampiric Draining     Necr           51%        2d9       1%          3
e - Confusing Touch       Hex            51%        N/A       1%          3
f - Freezing Cloud        Conj/Ice/Air   34%        6-21      9%          5

Your spell library contained the following spells:

 Spells                   Type           Power      Damage    Failure   Level
 Magic Dart               Conj           100%       1d8       1%          1
 Slow                     Hex            100%       N/A       1%          1
 Call Imp                 Summ           100%       N/A       1%          2
 Lesser Beckoning         Tloc           100%       N/A       1%          2
 Poisonous Vapours        Pois/Air       100%       N/A       1%          2
 Scorch                   Fire           100%       2d9       1%          2
 Call Canine Familiar     Summ           51%        N/A       1%          3
 Mephitic Cloud           Conj/Pois/Air  51%        N/A       1%          3
 Portal Projectile        Hex/Tloc       100%       N/A       1%          3
 Teleport Other           Tloc           61%        N/A       1%          3
 Passage of Golubria      Tloc           61%        N/A       1%          4
 Flame Wave               Conj/Fire      51%        2d13      3%          4
 Leda's Liquefaction      Hex/Erth       25%        N/A       3%          4
 Silence                  Hex/Air        25%        N/A       9%          5
 Summon Cactus Giant      Summ           25%        N/A       41%         6
 Storm Form               Tmut/Air       25%        N/A       94%         7
 Lehudib's Crystal Spear  Conj/Erth      25%        10d7      100%        8


Dungeon Overview and Level Annotations

Branches:
Dungeon (10/15)            Temple (1/1) D:7           Sewer (visited)
 Bailey (visited)
   Lair: D:8-11         Orc: D:9-12

Altars:
Ashenzari
Cheibriados
Dithmenos
Elyvilon
Fedhas
Gozag
Kikubaaqudgha
Makhleb
Qazlal
Ru
Sif Muna
Uskayaw
Vehumet
Wu Jian
Xom
Zin

Shops:
D:2 ?

Annotations:
D:12 Josephine


Innate Abilities, Weirdness & Mutations

You have very sharp teeth.
Your uncanny sense of smell can sniff out nearby items.
Your experience applies equally to all skills.


Message History

Casting: Freezing Cloud (dangerous; 9% risk of failure)
Confirm with . or Enter, or press ? or * to list all spells.
Aiming: Freezing Cloud (dangerous; 9% risk of failure)
Press: ? - help, Dir - move target You feel a surge of power!
The cyclops throws a large rock.
The large rock hits you!
Unknown command.
Unknown command.
There is an open door here.
Casting: Freezing Cloud (dangerous; 9% risk of failure)
Confirm with . or Enter, or press ? or * to list all spells.
You can't see any susceptible monsters within range! (Use Z to cast anyway.) Unknown command.
Casting: Freezing Cloud (dangerous; 9% risk of failure)
Confirm with . or Enter, or press ? or * to list all spells.
You don't know that spell.
Unknown command.
Casting: Freezing Cloud (dangerous; 9% risk of failure)
Confirm with . or Enter, or press ? or * to list all spells.
Okay, then.
Casting: Freezing Cloud (dangerous; 9% risk of failure)
Confirm with . or Enter, or press ? or * to list all spells.
You can't see any susceptible monsters within range! (Use Z to cast anyway.) Unknown command.
Casting: Freezing Cloud (dangerous; 9% risk of failure)
Confirm with . or Enter, or press ? or * to list all spells.
Aiming: Freezing Cloud (dangerous; 9% risk of failure)
Press: ? - help, Dir - move target You feel a surge of power!
You close the door.
You start resting.
A cyclops is nearby!
Casting: Freezing Cloud (dangerous; 9% risk of failure)
Confirm with . or Enter, or press ? or * to list all spells.
Space momentarily warps into an impossible shape!
You slash the cyclops!
The cyclops throws a large rock.
The large rock hits you!!!
Ouch! That really hurt!
You die...
Your body crumbles into a pile of gold.

#...####
#...#####...
#?..'..# #...# ... #
#...##.###(..# .. #.
#.##.#.......# . #.
#....#......## #
#.#####.#......#
#####.....<........#
..........####C....#
..........+@.'.....#
.........)####.....#
## ..C.......#
#.....# ∆..
..........# . ##
####+###### #. ## #
# #


You could see a cyclops.

Vanquished Creatures
  Nessos (D:12)
  4 two-headed ogres
  Pikel (D:5)
  4 cyclopes
  A manticore (D:12)
  A gargoyle (Bailey)
  A komodo dragon (D:12)
  5 trolls
  3 wraiths (D:12)
  5 yaks (D:8)
  Eustachio (D:4)
  A shadow (D:12)
  A vampire (Bailey)
  3 steam dragons
  Menkaure (D:5)
  3 vampire mosquitoes (D:12)
  An acid dragon (D:12)
  Duvessa (D:5)
  4 ice beasts
  3 water moccasins
  Pargi (Sewer)
  2 orc warriors
  A sky beast (D:7)
  2 ogres
  A black bear (D:6)
  3 centaurs
  A phantom (D:7)
  3 kobold brigands
  5 bullfrogs
  A gnoll sergeant (D:8)
  5 scorpions
  Dowan (D:5)
  A howler monkey (D:12)
  7 vampire bats (Bailey)
  6 wolf zombies (Bailey)
  4 hounds
  A jelly (D:4)
  7 orc priests
  6 iguanas
  A sleepcap (D:6)
  12 orc wizards
  13 gnolls
  6 adders
  A river rat (D:3)
  An ufetubus (D:6)
  2 dart slugs (D:5)
  39 orcs
  4 ball pythons
  9 endoplasms
  5 goblins
  4 hobgoblins (D:1)
  3 jackals
  19 kobolds
  2 quokkas
  5 bats
  6 frilled lizards
  21 orc zombies (Bailey)
  6 rats
262 creatures vanquished.

Vanquished Creatures (collateral kills)
  A gnoll (D:3)
  An orc (D:3)
2 creatures vanquished.

Vanquished Creatures (others)
  A deep elf pyromancer (D:12)
  A cyclops (D:12)
  A troll (D:12)
  A water moccasin (D:5)
  An orc warrior (D:12)
  A centaur (D:12)
  An orc (D:8)
7 creatures vanquished.

Grand Total: 271 creatures vanquished

Notes
Turn   | Place    | Note
-------+----------+-------------------------------------------
     0 | D:1      | olmar the Gnoll Warper began the quest for the Orb.
     0 | D:1      | Reached XP level 1. HP: 20/20 MP: 6/6
   124 | D:1      | Reached XP level 2. HP: 25/26 MP: 7/7
   356 | D:1      | Learned a level 2 spell: Blink
   777 | D:1      | Reached skill level 5 in Spellcasting
   777 | D:1      | Reached XP level 3. HP: 25/31 MP: 7/9
  1444 | D:2      | Reached skill level 1 in Invocations
  1447 | D:2      | Reached skill level 1 in Short Blades
  1447 | D:2      | Reached skill level 1 in Long Blades
  1447 | D:2      | Reached skill level 1 in Axes
  1447 | D:2      | Reached skill level 1 in Polearms
  1447 | D:2      | Reached skill level 1 in Staves
  1447 | D:2      | Reached skill level 1 in Ranged Weapons
  1447 | D:2      | Reached skill level 1 in Stealth
  1447 | D:2      | Reached skill level 1 in Shields
  1447 | D:2      | Reached skill level 1 in Unarmed Combat
  1447 | D:2      | Reached skill level 1 in Evocations
  1552 | D:2      | Found Fukloll's Magic Scroll Shop.
  1571 | D:2      | Reached XP level 4. HP: 38/38 MP: 11/11
  1593 | D:2      | Bought a scroll of identify for 20 gold pieces
  1593 | D:2      | Bought a scroll of fear for 40 gold pieces
  1593 | D:2      | Bought a scroll of teleportation for 30 gold pieces
  2031 | D:3      | Reached skill level 1 in Conjurations
  2031 | D:3      | Reached skill level 1 in Hexes
  2031 | D:3      | Reached skill level 1 in Summonings
  2031 | D:3      | Reached skill level 1 in Necromancy
  2031 | D:3      | Reached skill level 1 in Transmutations
  2031 | D:3      | Reached skill level 1 in Fire Magic
  2031 | D:3      | Reached skill level 1 in Ice Magic
  2031 | D:3      | Reached skill level 1 in Air Magic
  2031 | D:3      | Reached skill level 1 in Earth Magic
  2031 | D:3      | Reached skill level 1 in Poison Magic
  2199 | D:3      | Reached XP level 5. HP: 27/43 MP: 12/12
  2201 | D:3      | HP: 1/43 [gnoll/+0 spear (6)]
  2307 | D:3      | Found a glowing drain.
  2316 | Sewer    | Entered a sewer
  2409 | Sewer    | Noticed Pargi
  2440 | Sewer    | Killed Pargi
  2571 | D:3      | Reached XP level 6. HP: 39/50 MP: 13/13
  3040 | D:4      | Reached skill level 5 in Fighting
  3040 | D:4      | Reached skill level 5 in Maces & Flails
  3040 | D:4      | Reached skill level 5 in Dodging
  3068 | D:4      | Found a snail-covered altar of Cheibriados.
  3124 | D:4      | Reached XP level 7. HP: 40/56 MP: 15/15
  3284 | D:4      | Noticed Eustachio
  3298 | D:4      | Killed Eustachio
  3632 | D:5      | Entered Level 5 of the Dungeon
  3639 | D:5      | Noticed Menkaure
  3648 | D:5      | Killed Menkaure
  3649 | D:5      | Reached XP level 8. HP: 60/63 MP: 16/16
  3720 | D:5      | Learned a level 3 spell: Vhi's Electric Charge
  3725 | D:5      | Learned a level 4 spell: Manifold Assault
  3997 | D:5      | Noticed Pikel
  4004 | D:5      | Killed Pikel
  4040 | D:5      | Noticed Duvessa
  4043 | D:5      | Noticed Dowan
  4074 | D:5      | Killed Duvessa
  4075 | D:5      | Reached XP level 9. HP: 15/69 MP: 18/18
  4174 | D:5      | Found a shadowy altar of Dithmenos.
  4472 | D:5      | Reached skill level 5 in Throwing
  4472 | D:5      | Reached skill level 5 in Armour
  4658 | D:5      | Killed Dowan
  5299 | D:6      | Reached skill level 5 in Invocations
  5936 | D:7      | Found a staircase to the Ecumenical Temple.
  6008 | D:7      | Reached skill level 5 in Short Blades
  6008 | D:7      | Reached skill level 5 in Long Blades
  6008 | D:7      | Reached skill level 5 in Axes
  6008 | D:7      | Reached skill level 5 in Polearms
  6008 | D:7      | Reached skill level 5 in Staves
  6008 | D:7      | Reached skill level 5 in Ranged Weapons
  6008 | D:7      | Reached skill level 5 in Stealth
  6008 | D:7      | Reached skill level 5 in Shields
  6008 | D:7      | Reached skill level 5 in Unarmed Combat
  6008 | D:7      | Reached skill level 5 in Evocations
  6091 | D:7      | Reached XP level 10. HP: 69/71 MP: 20/20
  6114 | D:7      | Found a burning altar of Makhleb.
  6116 | D:7      | Found a glowing silver altar of Zin.
  6116 | D:7      | Noticed an angel
  6116 | D:7      | Noticed a blizzard demon
  6190 | D:7      | Identified the +3 trident "Hulubap" {drain, Int+3}
  6294 | D:7      | Found a white marble altar of Elyvilon.
  6295 | D:7      | Found a stormy altar of Qazlal.
  6296 | D:7      | Noticed a two-headed ogre
  6342 | D:7      | Killed a two-headed ogre
  6645 | Temple   | Entered the Ecumenical Temple
  6653 | Temple   | Became a worshipper of Gozag Ym Sagoz the Greedy
  6710 | D:8      | Identified the +0 robe of Stoicism {rF- Int+8 Slay+2}
  7607 | D:8      | Learned a level 3 spell: Vampiric Draining
  7836 | D:8      | Learned a level 3 spell: Confusing Touch
  8789 | D:9      | Found a flagged portal.
  8800 | D:9      | Noticed a two-headed ogre
  8820 | D:9      | Killed a two-headed ogre
  8821 | D:9      | Reached skill level 5 in Conjurations
  8821 | D:9      | Reached skill level 5 in Hexes
  8821 | D:9      | Reached skill level 5 in Summonings
  8821 | D:9      | Reached skill level 5 in Necromancy
  8821 | D:9      | Reached skill level 5 in Transmutations
  8821 | D:9      | Reached skill level 5 in Fire Magic
  8821 | D:9      | Reached skill level 5 in Ice Magic
  8821 | D:9      | Reached skill level 5 in Air Magic
  8821 | D:9      | Reached skill level 5 in Earth Magic
  8821 | D:9      | Reached skill level 5 in Poison Magic
  8821 | D:9      | Reached XP level 11. HP: 77/85 MP: 15/23
  8845 | Bailey   | Entered a bailey
 10060 | D:10     | Entered Level 10 of the Dungeon
 10293 | D:10     | Found a sacrificial altar of Ru.
 10429 | D:10     | Learned a level 5 spell: Freezing Cloud
 10453 | D:10     | Noticed a cyclops
 10574 | D:10     | Killed a cyclops
 10642 | D:10     | You fall into a shaft and drop 2 floors!
 10672 | D:12     | Found a shimmering altar of Xom.
 10672 | D:12     | Noticed a cyclops
 10672 | D:12     | Noticed a cyclops
 10672 | D:12     | Noticed a cyclops
 10672 | D:12     | Noticed a deep elf pyromancer
 10691 | D:12     | Noticed a cyclops
 10798 | D:12     | Killed a deep elf pyromancer
 11000 | D:12     | Killed a cyclops
 11039 | D:12     | Noticed Nessos
 11048 | D:12     | Killed Nessos
 11053 | D:12     | Noticed a two-headed ogre
 11066 | D:12     | Killed a two-headed ogre
 11087 | D:12     | Noticed Josephine
 11372 | D:12     | Noticed a manticore
 11385 | D:12     | Killed a manticore
 11449 | D:12     | Killed a cyclops
 12117 | D:12     | Noticed a two-headed ogre
 12126 | D:12     | Killed a two-headed ogre
 12127 | D:12     | Reached XP level 12. HP: 36/94 MP: 2/24
 12532 | D:12     | Hit by a large rock thrown by a cyclops

Illustrated notes

Levels and vault maps discovered:
D:1:      saegor_arrival_simple_b, layout_loops_ring, minmay_statues_item,
          minmay_quantized
D:2:      layout_basic, serial_shops, shop, serial_forest,
          infiniplex_forest_lined_3_way, infiniplex_forest_end_3,
          infiniplex_forest_lined_4_way, infiniplex_forest_corner_1,
          infiniplex_forest_clump_curved, infiniplex_forest_straight_3,
          infiniplex_forest_clump_long, infiniplex_forest_side_room,
          infiniplex_forest_lined_3_way, infiniplex_forest_lined_room_2
D:3:      layout_basic, portal_sewer_entry_a, chequers_jeans, nrook_mini_vaults,
          hex_medium
D:4:      layout_rooms, lemuel_crystal_altar, serial_rivers,
          chequers_serial_rivers_micro_c, chequers_serial_rivers_room_a,
          chequers_serial_rivers_marsh, chequers_serial_rivers_small_b,
          chequers_serial_rivers_micro_a, chequers_serial_rivers_micro_c,
          uniq_eustachio
D:5:      layout_loops_corners, mainiacjoe_overflow_alcove_2, st_stairs_1,
          uniq_menkaure, uniq_pikel, uniq_duvessa
D:6:      layout_basic
D:7:      layout_loops_ring, grunt_temple_overflow_order_and_chaos_2,
          gammafunk_temple_overflow_pools, minmay_temple_entry_gardened_gates,
          grunt_ministairs_12
D:8:      layout_layer_cave, kennysheep_generic_room_10
D:9:      layout_roguey, enter_bailey_6, nicolae_concentric_dashed_squares_mild
D:10:     layout_loops_corners, nemelex_diamond_rough_becter,
          nicolae_ru_great_annihilating_truth
D:12:     layout_basic, xom_confusion_cloud, uniq_nessos, uniq_josephine
Temple:   nicolae_temple_two_arcs

Skill      XL: |  1  2  3  4  5  6  7  8  9 10 11 12 |
---------------+-------------------------------------+-----
Spellcasting   | 5 6 7 8 |  8.9
Invocations    | 1 2 3 4 5 6 7 |  7.9
Short Blades   | 1 2 3 5 6 7 |  7.2
Long Blades    | 1 2 3 5 6 7 |  7.2
Axes           | 1 2 3 5 6 7 |  7.2
Polearms       | 1 2 3 5 6 7 |  7.2
Staves         | 1 2 3 5 6 7 |  7.2
Ranged Weapons | 1 2 3 5 6 7 |  7.2
Stealth        | 1 2 3 5 6 7 |  7.2
Shields        | 1 2 3 5 6 7 |  7.2
Unarmed Combat | 1 2 3 5 6 7 |  7.2
Evocations     | 1 2 3 5 6 7 |  7.2
Conjurations   | 1 2 3 4 5 6 |  6.0
Hexes          | 1 2 3 4 5 6 |  6.0
Summonings     | 1 2 3 4 5 6 |  6.0
Necromancy     | 1 2 3 4 5 6 |  6.0
Transmutations | 1 2 3 4 5 6 |  6.0
Fire Magic     | 1 2 3 4 5 6 |  6.0
Ice Magic      | 1 2 3 4 5 6 |  6.0
Air Magic      | 1 2 3 4 5 6 |  6.0
Earth Magic    | 1 2 3 4 5 6 |  6.0
Poison Magic   | 1 2 3 4 5 6 |  6.0
Throwing       | 3 4 5 6 7 |  7.7
Armour         | 3 4 5 6 7 |  7.7
Fighting       | 5 6 7 8 |  8.6
Maces & Flails | 5 6 7 8 |  8.6
Dodging        | 5 6 7 8 |  8.6
Translocations | 6 7 8 |  8.2

Action                     |  1- 3 |  4- 6 |  7- 9 | 10-12 || total
---------------------------+-------+-------+-------+-------++-------
  Melee: Mace              |   109 |   110 |       |       ||   219
         Bite              |     9 |    31 |    39 |    41 ||   120
         Punch             |       |     4 |    16 |    24 ||    44
         Short sword       |       |    98 |    36 |       ||   134
         Falchion          |       |       |   336 |   522 ||   858
  Throw: Dart              |     9 |    33 |    34 |    38 ||   114
         Throwing net      |       |       |     1 |       ||     1
         Boomerang         |       |       |       |     4 ||     4
   Cast: Blink             |       |     6 |     2 |     5 ||    13
         Manifold Assault  |       |       |     8 |    41 ||    49
         Vhi's Electric Ch |       |       |     2 |     7 ||     9
         Confusing Touch   |       |       |       |     8 ||     8
         Freezing Cloud    |       |       |       |    19 ||    19
         Vampiric Draining |       |       |       |    18 ||    18
 Invoke: Potion Petition   |       |       |       |     1 ||     1
  Evoke: Wand              |       |       |       |     2 ||     2
    Use: Scroll            |     1 |     7 |     6 |     7 ||    21
         Potion            |       |     2 |     4 |     4 ||    10
   Stab: Sleeping          |     1 |     2 |     3 |     5 ||    11
         Invisible         |       |       |     1 |       ||     1
         Distracted        |       |       |       |     1 ||     1
         Confused          |       |       |       |     5 ||     5
         Paralysed         |       |       |       |     1 ||     1
 Armour: Leather armour    |    31 |    39 |       |       ||    70
         Troll leather arm |       |    23 |   165 |   136 ||   324
         Robe              |       |       |       |    10 ||    10
  Dodge: Dodged            |    64 |   127 |   277 |   409 ||   877

Table legend: (Time is in decaauts)
 A = Elapsed time spent in this place.
 B = Non-inter-level travel time spent in this place.
 C = Inter-level travel time spent in this place.
 D = Time resting spent in this place.
 E = Time spent auto-exploring this place.
 F = Levels seen in this place.
 G = Mean time per level.
                   A        B        C        D        E       F      G
               +--------+--------+--------+--------+--------+-----+--------+
         Total |  12633 |  12305 |    328 |   2508 |   6468 |  14 |  902.4 |
       Dungeon |  11615 |  11295 |    320 |   2349 |   6009 |  11 | 1055.9 |
        Temple |     16 |      8 |      8 |      0 |      0 |   1 |   16.0 |
         Sewer |    237 |    237 |      0 |    117 |     38 |   1 |  237.0 |
        Bailey |    763 |    763 |      0 |     42 |    421 |   1 |  763.0 |
               +--------+--------+--------+--------+--------+-----+--------+

Top non-repeatable levels by time:
     D:8: 1930 daAuts
    D:12: 1905 daAuts
     D:5: 1369 daAuts
     D:3: 999 daAuts
     D:1: 983 daAuts
     D:2: 907 daAuts
     D:7: 881 daAuts
     D:6: 790 daAuts
  Bailey: 763 daAuts
     D:9: 663 daAuts
     D:4: 602 daAuts
    D:10: 580 daAuts
   Sewer: 237 daAuts
  Temple: 16 daAuts
